General information
- name: BNet
- type: Ladder team game (AT/RT)
- host: Battle.net
- saver: zBluePhoenixz
map: RiceFields
- players: 6
- length: 37:36
- speed: Fast
- version: 1.21 W3XP
- replay type: Public
» download(299 KB)
Players
team 1 (loser)
jone88882001 (
pink | 158 APM | 5945 actions | 37:33)
7 Death Knight
3 Death Coil
3 Unholy Aura
1 Animate Dead
3 Lich
2 Frost Nova
1 Dark Ritual
3 Crypt Lord
1 Impale
2 Spiked Carapace
» actions
| Assign group hotkey | 41 | |
| Basic commands | 33 | |
| Build / train | 79 | |
| Enter build submenu | 18 | |
| Enter hero's abilities submenu | 13 | |
| Give item / drop item | 3 | |
| Remove unit from queue | 1 | |
| Right click | 2059 | |
| Select / deselect | 983 | |
| Select group hotkey | 2536 | |
| Use ability | 176 | |
5945 total
» units
| Acolyte | 11 | |
| Ghoul | 2 | |
| Crypt Fiend | 14 | |
| Obsidian Statue | 12 | |
39 total
» upgrades
| Creature Attack | 3 | |
| Destroyer Form | 1 | |
| Stone Form | 0 | |
| Web | 1 | |
| Creature Carapace | 1 | |
6 total
» buildings
| Graveyard | 2 | |
| Crypt | 1 | |
| Altar of Darkness | 1 | |
| Ziggurat | 8 | |
| Tomb of Relics | 2 | |
| Halls of the Dead | 2 | |
| Black Citadel | 2 | |
| Slaughterhouse | 1 | |
19 total
» build order
00:07 Graveyard
00:10 Graveyard
00:12 Crypt
00:47 Altar of Darkness
01:00 Ziggurat
01:29 Tomb of Relics
02:02 Ziggurat
03:34 Halls of the Dead
03:34 Halls of the Dead
04:23 Ziggurat
05:29 Ziggurat
06:41 Black Citadel
06:41 Black Citadel
07:01 Slaughterhouse
08:32 Ziggurat
12:30 Ziggurat
14:47 Ziggurat
19:19 Tomb of Relics
23:19 Ziggurat
» items
| Rod of Necromancy | 1 | |
| Potion of Mana | 1 | |
| Scroll of Town Portal | 5 | |
| Orb of Corruption | 1 | |
8 total

»
Gem_ange (
red | 120 APM | 4504 actions | 37:26)
6 Demon Hunter
3 Mana Burn
2 Evasion
1 Metamorphosis
4 Pandaren Brewmaster
2 Breath of Fire
2 Drunken Haze
» actions
| Assign group hotkey | 58 | |
| Basic commands | 203 | |
| Build / train | 98 | |
| ESC pressed | 2 | |
| Enter build submenu | 25 | |
| Enter hero's abilities submenu | 10 | |
| Give item / drop item | 3 | |
| Right click | 1597 | |
| Select / deselect | 811 | |
| Select group hotkey | 1506 | |
| Use ability | 191 | |
4504 total
» units
| Wisp | 23 | |
| Huntress | 3 | |
| Dryad | 5 | |
| Druid of the Claw | 13 | |
| Chimaera | 3 | |
| Faerie Dragon | 1 | |
| Hippogryph | 1 | |
49 total
» upgrades
| Druid of the Claw Training | 2 | |
| Reinforced Hides | 3 | |
| Strength of the Wild | 3 | |
| Mark of the Claw | 1 | |
| Abolish Magic | 1 | |
| Corrosive Breath | 1 | |
| Nature's Blessing | 1 | |
12 total
» buildings
| Altar of Elders | 2 | |
| Moon Well | 6 | |
| Hunter's Hall | 2 | |
| Ancient of War | 2 | |
| Tree of Ages | 3 | |
| Ancient of Wonders | 1 | |
| Ancient of Lore | 2 | |
| Tree of Eternity | 2 | |
| Tree of Life | 3 | |
| Ancient of Wind | 1 | |
| Chimaera Roost | 2 | |
26 total
» build order
00:11 Altar of Elders
00:15 Altar of Elders
00:23 Moon Well
01:31 Hunter's Hall
01:50 Ancient of War
01:52 Ancient of War
01:59 Moon Well
02:56 Tree of Ages
02:56 Tree of Ages
03:30 Moon Well
03:55 Hunter's Hall
04:20 Ancient of Wonders
05:56 Ancient of Lore
06:28 Tree of Eternity
06:28 Tree of Eternity
06:30 Ancient of Lore
07:27 Moon Well
08:51 Tree of Life
10:10 Moon Well
10:57 Moon Well
16:35 Ancient of Wind
18:49 Chimaera Roost
18:52 Chimaera Roost
22:03 Tree of Life
31:58 Tree of Life
» items
| Orb of Corruption | 1 | |
| Staff of Preservation | 2 | |
| Anti-magic Potion | 1 | |
| Scroll of Town Portal | 4 | |
| Orb of Venom | 1 | |
9 total
UrieI (
green | 97 APM | 3545 actions | 36:35)
5 Death Knight
3 Death Coil
2 Unholy Aura
4 Lich
2 Frost Nova
2 Frost Armor
» actions
| Assign group hotkey | 40 | |
| Build / train | 59 | |
| Enter build submenu | 15 | |
| Enter hero's abilities submenu | 9 | |
| Give item / drop item | 1 | |
| Right click | 1820 | |
| Select / deselect | 315 | |
| Select group hotkey | 1203 | |
| Use ability | 83 | |
3545 total
» units
| Acolyte | 3 | |
| Ghoul | 3 | |
| Crypt Fiend | 14 | |
| Frost Wyrm | 8 | |
28 total
» upgrades
| Creature Attack | 3 | |
| Creature Carapace | 2 | |
| Web | 1 | |
6 total
» buildings
| Altar of Darkness | 1 | |
| Ziggurat | 6 | |
| Crypt | 1 | |
| Graveyard | 2 | |
| Tomb of Relics | 1 | |
| Nerubian Tower | 1 | |
| Halls of the Dead | 1 | |
| Black Citadel | 1 | |
| Sacrificial Pit | 1 | |
| Boneyard | 1 | |
| Spirit Tower | 2 | |
18 total
» build order
00:13 Altar of Darkness
00:16 Ziggurat
00:38 Crypt
01:02 Graveyard
01:12 Graveyard
01:25 Tomb of Relics
01:33 Ziggurat
02:40 Nerubian Tower
04:38 Halls of the Dead
04:43 Ziggurat
06:08 Ziggurat
07:13 Black Citadel
07:19 Sacrificial Pit
07:23 Ziggurat
09:59 Boneyard
14:15 Ziggurat
17:20 Spirit Tower
17:23 Spirit Tower
» items
| Rod of Necromancy | 1 | |
| Dust of Appearance | 1 | |
| Potion of Healing | 3 | |
| Scroll of Healing | 1 | |
| Orb of Corruption | 1 | |
| Scroll of Town Portal | 2 | |
9 total
team 2 (winner)
Koboi- (
orange | 57 APM | 2146 actions | 37:34)
7 Tauren Chieftain
3 Endurance Aura
3 War Stomp
1 Reincarnation
5 Shadow Hunter
3 Hex
2 Healing Wave
» actions
| Assign group hotkey | 56 | |
| Basic commands | 1 | |
| Build / train | 96 | |
| Enter build submenu | 18 | |
| Enter hero's abilities submenu | 12 | |
| Give item / drop item | 5 | |
| Remove unit from queue | 8 | |
| Right click | 1016 | |
| Select / deselect | 476 | |
| Select group hotkey | 281 | |
| Use ability | 176 | |
2146 total
» units
| Peon | 13 | |
| Grunt | 6 | |
| Troll Witch Doctor | 6 | |
| Tauren | 9 | |
| Troll Batrider | 1 | |
| Wind Rider | 11 | |
46 total
» upgrades
| Armor | 3 | |
| Berserker Strength | 1 | |
| Witch Doctor Training | 2 | |
| Melee Weapons | 1 | |
| Pulverize | 1 | |
| Envenomed Spears | 1 | |
| Ranged Weapons | 1 | |
10 total
» buildings
| Barracks | 1 | |
| Orc Burrow | 7 | |
| Altar of Storms | 1 | |
| Voodoo Lounge | 1 | |
| Stronghold | 1 | |
| War Mill | 1 | |
| Spirit Lodge | 1 | |
| Fortress | 1 | |
| Tauren Totem | 2 | |
| Great Hall | 2 | |
| Beastiary | 2 | |
20 total
» build order
00:11 Barracks
00:20 Orc Burrow
00:24 Altar of Storms
01:38 Orc Burrow
02:03 Voodoo Lounge
03:40 Stronghold
04:16 Orc Burrow
04:19 War Mill
06:02 Spirit Lodge
07:02 Fortress
07:39 Orc Burrow
09:29 Tauren Totem
09:31 Tauren Totem
10:29 Orc Burrow
10:33 Orc Burrow
12:31 Orc Burrow
22:19 Great Hall
23:45 Beastiary
23:47 Beastiary
26:25 Great Hall
» items
| Healing Salve | 4 | |
| Lesser Clarity Potion | 4 | |
| Scroll of Speed | 3 | |
| Potion of Healing | 3 | |
| Scroll of Town Portal | 3 | |
17 total

»
zBluePhoenixz (
yellow | 84 APM | 3157 actions | 37:36)
6 Archmage
3 Blizzard
2 Brilliance Aura
1 Mass Teleport
6 Blood Mage
3 Flame Strike
2 Siphon Mana
1 Summon Phoenix
» actions
| Assign group hotkey | 44 | |
| Basic commands | 217 | |
| Build / train | 79 | |
| ESC pressed | 8 | |
| Enter build submenu | 30 | |
| Enter hero's abilities submenu | 12 | |
| Give item / drop item | 4 | |
| Remove unit from queue | 2 | |
| Right click | 956 | |
| Select / deselect | 786 | |
| Select group hotkey | 860 | |
| Use ability | 159 | |
3157 total
» units
| Peasant | 11 | |
| Footman | 5 | |
| Rifleman | 11 | |
| Mortar Team | 6 | |
| Priest | 2 | |
| Sorceress | 2 | |
| Dragonhawk Rider | 4 | |
| Siege Engine | 3 | |
44 total
» upgrades
| Priest Training | 1 | |
| Flare | 1 | |
| Gunpowder | 1 | |
| Sorceress Training | 2 | |
5 total
» buildings
| Altar of Kings | 1 | |
| Barracks | 1 | |
| Farm | 10 | |
| Scout Tower | 1 | |
| Arcane Tower | 2 | |
| Arcane Vault | 1 | |
| Blacksmith | 1 | |
| Lumber Mill | 1 | |
| Keep | 1 | |
| Workshop | 2 | |
| Arcane Sanctum | 2 | |
| Castle | 1 | |
| Gryphon Aviary | 1 | |
| Town Hall | 3 | |
28 total
» build order
00:09 Altar of Kings
00:13 Barracks
00:20 Farm
00:59 Farm
01:39 Scout Tower
01:55 Farm
02:06 Arcane Tower
02:07 Arcane Tower
02:21 Arcane Vault
02:51 Blacksmith
03:17 Farm
04:13 Lumber Mill
05:07 Keep
05:27 Farm
06:20 Farm
07:48 Workshop
08:22 Arcane Sanctum
09:11 Farm
10:00 Farm
11:00 Farm
11:22 Arcane Sanctum
12:17 Castle
14:05 Gryphon Aviary
19:11 Town Hall
21:00 Farm
22:21 Town Hall
25:21 Workshop
36:33 Town Hall
» items
| Scroll of Regeneration | 3 | |
| Scroll of Town Portal | 7 | |
10 total

»
banbanban (
purple | 76 APM | 2871 actions | 37:34)
6 Blademaster
1 Wind Walk
3 Mirror Image
1 Critical Strike
1 Bladestorm
5 Shadow Hunter
3 Healing Wave
2 Hex
» actions
| Assign group hotkey | 40 | |
| Build / train | 134 | |
| Enter build submenu | 24 | |
| Enter hero's abilities submenu | 12 | |
| Give item / drop item | 4 | |
| Remove unit from queue | 1 | |
| Right click | 1032 | |
| Select / deselect | 394 | |
| Select group hotkey | 1081 | |
| Use ability | 149 | |
2871 total
» units
| Peon | 17 | |
| Kodo Beast | 3 | |
| Troll Witch Doctor | 14 | |
| Shaman | 10 | |
| Tauren | 8 | |
| Spirit Walker | 1 | |
| Troll Batrider | 16 | |
69 total
» upgrades
| Armor | 2 | |
| Witch Doctor Training | 2 | |
| Shaman Training | 2 | |
| War Drums Damage Increase | 1 | |
| Melee Weapons | 2 | |
| Reinforced Defenses | 1 | |
| Pulverize | 1 | |
11 total
» buildings
| Altar of Storms | 1 | |
| Orc Burrow | 11 | |
| War Mill | 1 | |
| Voodoo Lounge | 1 | |
| Watch Tower | 1 | |
| Stronghold | 1 | |
| Spirit Lodge | 3 | |
| Beastiary | 2 | |
| Fortress | 1 | |
| Great Hall | 1 | |
| Tauren Totem | 1 | |
24 total
» build order
00:07 Altar of Storms
00:12 Orc Burrow
00:45 War Mill
01:28 Voodoo Lounge
01:51 Orc Burrow
02:36 Watch Tower
03:22 Stronghold
05:53 Spirit Lodge
05:58 Spirit Lodge
06:02 Beastiary
06:15 Orc Burrow
07:07 Fortress
07:31 Great Hall
08:04 Orc Burrow
10:09 Tauren Totem
12:05 Orc Burrow
16:49 Orc Burrow
16:52 Orc Burrow
17:19 Orc Burrow
18:03 Orc Burrow
18:58 Orc Burrow
19:15 Orc Burrow
24:34 Spirit Lodge
24:38 Beastiary
» items
| Lesser Clarity Potion | 16 | |
| Healing Salve | 3 | |
| Scroll of Speed | 2 | |
| Claws of Attack +6 | 1 | |
| Orb of Lightning | 1 | |
| Potion of Healing | 5 | |
| Potion of Mana | 1 | |
| Scroll of Town Portal | 3 | |
32 total
Chat log
(00:52 / Allies) zBluePhoenixz: ill get rifles casters
(00:58 / Allies) Koboi-: mele
(10:35 / Allies) Koboi-: wood?
(10:42 / Allies) Koboi-: wood
(11:59 / Allies) Koboi-: rdy?
(12:18 / Allies) Koboi-: wait
(13:48 / Allies) zBluePhoenixz: b
(13:48 / Allies) zBluePhoenixz: b
(13:48 / Allies) zBluePhoenixz: b
(14:14 / Allies) zBluePhoenixz: ]give me some goldpurple
(15:23 / Allies) Koboi-: sec
(15:25 / Allies) Koboi-: gold me
(16:42 / Allies) zBluePhoenixz: nice job
(17:02 / Allies) Koboi-: all get a tp
(17:05 / Allies) zBluePhoenixz: i have
(17:22 / Allies) Koboi-: gold
(17:38 / Allies) Koboi-: yeolw u shud expo
(17:51 / Allies) zBluePhoenixz: shit
(18:22 / Allies) zBluePhoenixz: b
(18:22 / Allies) zBluePhoenixz: bb
(18:28 / Allies) Koboi-: b
(18:28 / Allies) Koboi-: b
(18:29 / Allies) Koboi-: b
(18:30 / Allies) Koboi-: wtf
(18:31 / Allies) Koboi-: b
(18:32 / Allies) Koboi-: b
(18:32 / Allies) Koboi-: b
(18:33 / Allies) Koboi-: b
(18:33 / Allies) Koboi-: b
(18:35 / Allies) Koboi-: b
(18:44 / Allies) Koboi-: purple wtf
(19:48 / Allies) Koboi-: yelow
(19:49 / Allies) Koboi-: care
(20:23 / Allies) Koboi-: purp
(21:57 / Allies) zBluePhoenixz: lich
(22:05 / Allies) Koboi-: gold
(22:52 / Allies) Koboi-: yuelow
(23:03 / Allies) Koboi-: wtf r u doing purp
(23:10 / Allies) Koboi-: care yelow
(23:24 / Allies) Koboi-: tp
(23:32 / Allies) zBluePhoenixz: fuck
(23:41 / Allies) Koboi-: need more aa
(25:33 / Allies) Koboi-: gold
(26:03 / Allies) zBluePhoenixz: im b
(26:11 / Allies) zBluePhoenixz: nice
(26:43 / Allies) Koboi-: gold
(26:51 / Allies) Koboi-: nvm
(27:03 / Allies) Koboi-: all
(27:04 / Allies) Koboi-: meet
(27:15 / Allies) Koboi-: we hit togther
(27:19 / Allies) Koboi-: screw our bases
(29:57 / Allies) Koboi-: easier
(30:01 / Allies) Koboi-: tno towers
(31:21 / Allies) banbanban: meet
(32:05 / Allies) zBluePhoenixz: get dk
(33:26 / All) zBluePhoenixz: gg
(33:52 / All) banbanban: hahaha
(33:52 / Allies) zBluePhoenixz: check
(34:05 / All) banbanban: still wanna try?
(35:15 / Allies) banbanban: hit wisp
(36:13 / All) banbanban: u guys really pur ur last effort doon't u?
(36:15 / All) zBluePhoenixz: fucking cho'
(37:27 / All) zBluePhoenixz: ohohoho